 Dungeon Crawl Stone Soup version 0.20.1-1-g8b1a95d (webtiles) character file.

107 MrFrosty the Grave Robber (level 4, -9/30 HPs)
             Began as a Mummy Necromancer on July 11, 2017.
             Killed from afar by an electric eel (15 damage)
             ... with a bolt of electricity
             ... on level 3 of the Dungeon.
             The game lasted 00:07:38 (2831 turns).

MrFrosty the Grave Robber (Mummy Necromancer)       Turns: 2831, Time: 00:07:39

Health: -9/30      AC:  5    Str: 11    XL:     4   Next: 57%
Magic:  9/10       EV: 11    Int: 15    God:
Gold:   93         SH:  0    Dex: 12    Spells: 3/12 levels left

rFire    x . .     SeeInvis .   j - +0 hand axe (venom)
rCold    + . .     Gourm    .   (no shield)
rNeg     + + +     Faith    .   l - +2 leather armour {rPois}
rPois    ∞         Spirit   .   (no helmet)
rElec    .         Reflect  .   (no cloak)
rCorr    .         Harm     .   (no gloves)
MR       .....                  (no boots)
Stlth    +.........             (no amulet)
Regen    0.1/turn               (no ring)
MPRegen  0.2/turn               (no ring)

@: no status effects
A: no food or potions, fire vulnerability, cold resistance 1, negative energy
resistance 3, torment resistance, unbreathing
a: no special abilities


You were on level 3 of the Dungeon.
You were not hungry.

You visited 1 branch of the dungeon, and saw 3 of its levels.

You collected 93 gold pieces.

Inventory:

Hand Weapons
 f - a +0 dagger
 g - a +0 short sword
 j - a +0 hand axe of venom (weapon)
 k - a +0 club
Missiles
 i - 63 stones (quivered)
Armour
 a - a +1 robe
 l - a +2 leather armour of poison resistance (worn)
Jewellery
 e - a cursed amulet of inaccuracy {unknown}
Wands
 o - a wand of flame (23/48)
Scrolls
 c - a scroll of fog {unknown}
 d - a scroll of random uselessness
 h - a scroll of noise {unknown}
 m - a scroll of teleportation {unknown}
 n - 2 scrolls of enchant weapon {unknown}
Potions
 p - a potion of lignification {unknown}
Books
 b - a book of Necromancy

   Spells                             Type                      Level
   a - Pain                           Necromancy                   1
   b - Animate Skeleton               Necromancy                   1
   c - Vampiric Draining              Necromancy                   3
   d - Regeneration                   Charms/Necromancy            3
   e - Animate Dead                   Necromancy                   4
   f - Control Undead                 Necromancy                   4


   Skills:
 - Level 1.7 Dodging
 - Level 1.5 Stealth
 + Level 4.5 Spellcasting
 + Level 5.0 Necromancy


You had 3 spell levels left.
You knew the following spells:

 Your Spells              Type           Power        Failure   Level  Hunger
a - Pain                  Necr           ###.         2%          1    N/A
b - Animate Skeleton      Necr           N/A          2%          1    N/A
c - Vampiric Draining     Necr           ###.......   9%          3    N/A
d - Animate Dead          Necr           N/A          28%         4    N/A

Dungeon Overview and Level Annotations

Branches:
Dungeon (3/15)

Altars:
Uskayaw

Annotations:
D:3 1 transporter


Innate Abilities, Weirdness & Mutations

You do not eat or drink.
Your flesh is vulnerable to fire.
You are immune to poison.
Your flesh is cold resistant. (rC+)
You are immune to negative energy. (rN+++)
You are immune to unholy pain and torment.
You can survive without breathing.


Message History

HP restored.
Unknown command.
You open the door.
The electric eel shoots out a bolt of lightning at you!
The bolt of electricity hits you!
The bolt of electricity hits the plant. x2
Unknown command.
Casting: Pain
Confirm with . or Enter, or press ? or * to list all spells.
Aiming: Pain
Press: ? - help, Shift-Dir - straight line, f/p - electric eel
Aim: an electric eel (chance to defeat MR: 84%)
The electric eel writhes in agony!
The electric eel shoots out a bolt of lightning at you!
The bolt of electricity misses you. The bolt of electricity hits you!
Ouch! That really hurt!
* * * LOW HITPOINT WARNING * * *
The electric eel shoots out a bolt of lightning at you!
The bolt of electricity hits you!
Ouch! That really hurt!
You die...

#..... #### ####. ##...###
#<... ..#.# #......### #.#
.##..# #....#..(###.# ....#
#.#.#..##.##.####...##
#....l....)........#.#
#..###############†#†.
#..#8P#;≈≈≈≈≈≈#P8#.#..
###.##.o#.@#.......#..#..##
.......o#..'.%.⌠...+(©#...#
.##.##.g#..#.......#..#....
# ##.#8P#;;≈≈≈≈≈#P8#.###
#.###############.#
#..oog............#
....o####..#..#..## ......#
#.<##.#..# #......#
#..##.#..#


You could see 3 electric eels, an orc wizard, 4 orcs, a leopard gecko, a
hobgoblin and a goblin.

Vanquished Creatures
  Terence (D:2)
  4 adders (D:2)
  A worm (D:2)
  A dart slug (D:2)
  3 leopard geckos
  2 giant cockroaches (D:1)
  6 goblins
  3 hobgoblins
  6 kobolds
  A quokka (D:2)
  4 bats
  3 frilled lizards
  4 rats
  A plant (D:1)
40 creatures vanquished.

Vanquished Creatures (collateral kills)
  A kobold (D:2)
1 creature vanquished.

Grand Total: 41 creatures vanquished

Notes
Turn   | Place    | Note
-------+----------+-------------------------------------------
     0 | D:1      | MrFrosty the Mummy Necromancer began the quest for the Orb.
     0 | D:1      | Reached XP level 1. HP: 13/13 MP: 4/4
   285 | D:1      | Learned a level 1 spell: Animate Skeleton
   339 | D:1      | Reached XP level 2. HP: 18/19 MP: 0/6
  1391 | D:2      | Reached XP level 3. HP: 16/24 MP: 0/8
  1563 | D:2      | Learned a level 3 spell: Vampiric Draining
  1575 | D:2      | Noticed Terence
  1610 | D:2      | Killed Terence
  1610 | D:2      | Reached XP level 4. HP: 22/30 MP: 0/10
  1851 | D:2      | Reached skill level 5 in Necromancy
  1949 | D:2      | Found a hide-covered altar of Uskayaw.
  1958 | D:2      | Learned a level 4 spell: Animate Dead
  2581 | D:3      | Found a transporter.
  2631 | D:3      | Found a transporter.
  2831 | D:3      | Killed from afar by an electric eel

Skill      XL: |  1  2  3  4 |
---------------+-------------+-----
Spellcasting   | 3 4 |  4.5
Necromancy     | 5 |  5.0
Dodging        | |  1.7
Stealth        | |  1.5

Action                   |  1- 3 |  4- 6 || total
-------------------------+-------+-------++-------
Melee: Hand axe          |    21 |       ||    21
 Cast: Pain              |    57 |    38 ||    95
       Animate Skeleton  |     3 |       ||     3
       Animate Dead      |       |     1 ||     1
  Use: Scroll            |     4 |       ||     4
Armor: Robe              |     3 |       ||     3
       Leather armour    |       |     2 ||     2
Dodge: Dodged            |    20 |     1 ||    21
